 Dungeon Crawl Stone Soup version 0.24-a0-201-gf205589 (webtiles) character file.

Game seed: 1748366123683657766

1522 Inarius the Chopper (level 8, -1/61 HPs)
             Began as a Demonspawn Monk on Mar 21, 2019.
             Was a Plaything of Xom.
             Killed from afar by a raiju (17 damage)
             ... with a living lightning
             ... on level 2 of the Abyss.
             The game lasted 00:14:17 (7752 turns).

Inarius the Chopper (Demonspawn Monk)               Turns: 7752, Time: 00:14:18

Health: -1/61      AC: 13    Str: 13    XL:     8   Next: 54%
Magic:  0/17       EV:  3    Int: 11    God:    Xom [....*.]
Gold:   318        SH: 15    Dex: 19    Spells: 7/7 levels left

rFire    . . .     SeeInvis +   A - +0 war axe
rCold    . . .     Gourm    .   k - +2 large shield
rNeg     . . .     Faith    .   j - +0 chain mail
rPois    .         Spirit   +   (helmet unavailable)
rElec    .         Reflect  .   d - +0 cloak
rCorr    .         Harm     .   b - +1 pair of gloves
MR       +....     Clarity  +   (no boots)
Stlth    ..........             (no amulet)
HPRegen  0.20/turn              g - +2 ring of dexterity
MPRegen  0.15/turn              v - ring of magical power

@: about to teleport, marked
A: antennae 3, rugged brown scales 1, blink, clarity, magic resistance 1, spiny
1, magic shield, MP-powered wands
a: Blink, Renounce Religion


You were on level 2 of the Abyss.
You worshipped Xom.
You were a beloved toy of Xom.
You were not hungry.

You visited 2 branches of the dungeon, and saw 8 of its levels.
You visited the Abyss 1 time.

You collected 318 gold pieces.

Inventory:

Hand Weapons
 A - a +0 war axe (weapon)
Armour
 b - a +1 pair of gloves (worn)
 d - a +0 cloak (worn)
 i - a +0 buckler
 j - a +0 chain mail (worn)
 k - a +2 large shield (worn)
Jewellery
 g - a +2 ring of dexterity (left hand)
 p - an uncursed ring of fire
 v - a ring of magical power (right hand)
 D - an uncursed ring of flight {unknown}
Wands
 m - a wand of polymorph (9)
Scrolls
 a - 2 scrolls of magic mapping
 e - 2 scrolls of fog {unknown}
 h - a scroll of amnesia {unknown}
 l - 2 scrolls of enchant armour {unknown}
 q - a scroll of brand weapon {unknown}
 s - 2 scrolls of blinking {unknown}
 t - a scroll of fear {unknown}
 w - a scroll of teleportation
 y - a scroll of immolation {unknown}
 z - 2 scrolls of remove curse {unknown}
 B - a scroll of holy word {unknown}
 C - a scroll of enchant weapon {unknown}
Potions
 f - a potion of invisibility {unknown}
 n - 5 potions of flight
 o - a potion of heal wounds
 r - 4 potions of mutation {unknown}
 u - 2 potions of curing
 x - 3 potions of haste
Comestibles
 c - 17 rations


   Skills:
 + Level 4.1 Fighting
 * Level 7.8 Axes
 + Level 0.2 Throwing
 + Level 3.1 Armour
 - Level 2.8 Dodging
 + Level 3.8 Stealth
 + Level 3.3 Shields


You had 7 spell levels left.
You didn't know any spells.
Your spell library was empty.

Dungeon Overview and Level Annotations

Branches:
Dungeon (7/15)             Temple (1/1) D:4

Altars:
Cheibriados
Gozag
Okawaru
Sif Muna
Trog
Wu Jian
Xom
Yredelemnul
The Shining One

Shops:
D:7 [

Annotations:
D:6 Harold
D:7 Joseph


Innate Abilities, Weirdness & Mutations

You have a pair of large antennae on your head. (SInv)
You are partially covered in rugged brown scales. (AC +1, +3% HP)
You are partially covered in sharp spines.
When hurt, damage is shared between your health and your magic reserves.
You can translocate small distances at will.
You possess an exceptional clarity of mind.
You are resistant to hostile enchantments. (MR+)
You expend magic power (3 MP) to strengthen your wands.


Message History

You feel much better.
The raiju bursts into living lightning!
The living lightning hits you!
The raiju blinks! x2
The raiju bursts into living lightning!
The living lightning hits you!
The raiju blinks!
A thrashing horror comes into view.
A thrashing horror comes into view. x2
The thrashing horror tramples you.
* * * LOW HITPOINT WARNING * * *
You stumble backwards!
The thrashing horror tramples you but does no damage.
You block the thrashing horror's attack. x3
The thrashing horror roars!
You block the thrashing horror's attack.
The thrashing horror tramples you but does no damage.
The raiju bursts into living lightning!
The living lightning hits the thrashing horror.
The thrashing horror resists.
The living lightning hits you!!
You die...
Xom cackles wildly!

...# ##.......##
#.# ##..#.#..# ##
#...#h..####..#
... #..##...##
##.#
...#.#.h.##.ยง##
.#
..##X..#.#...#.#
#
#...........#####
##..##XX##..X..#
# #@X.#...#.#..#
#.###..### # #.#
#..# ## #...#
.#.#.# .####.# ..
# #


You could see 3 thrashing horrors and a raiju.

Vanquished Creatures
  Duvessa (D:6)
  An ice beast (D:5)
  2 phantoms
  2 ogres
  A centaur (D:7)
  A bullfrog (D:6)
  Dowan (D:6)
  A howler monkey (D:6)
  A crimson imp (D:7)
  A bullfrog zombie (D:5)
  4 orc priests
  4 orc wizards
  2 centaur skeletons (D:4)
  2 iguanas (D:4)
  4 worker ants
  2 worker ant zombies (D:5)
  5 adders
  4 gnolls (D:3)
  A shadow imp (D:6)
  2 oozes
  An adder zombie (D:5)
  5 worms
  3 dart slugs
  7 leopard geckos
  13 orcs
  9 giant cockroaches
  11 goblins
  12 hobgoblins
  7 jackals
  9 quokkas
  8 bats
  3 frilled lizards
  12 kobolds
  4 rats
146 creatures vanquished.

Notes
Turn   | Place    | Note
-------+----------+-------------------------------------------
     0 | D:1      | Inarius the Demonspawn Monk began the quest for the Orb.
     0 | D:1      | Reached XP level 1. HP: 18/18 MP: 1/1
   519 | D:1      | Reached skill level 3 in Axes
   533 | D:1      | Gained mutation: When hurt, damage is shared between your
                  | health and your magic reserves. [demonic ancestry]
   533 | D:1      | Reached XP level 2. HP: 23/24 MP: 2/2
  1573 | D:2      | Gained mutation: You have a pair of small antennae on your
                  | head. [demonic ancestry]
  1573 | D:2      | Reached XP level 3. HP: 29/29 MP: 3/3
  2192 | D:2      | Reached skill level 4 in Axes
  2192 | D:2      | Reached XP level 4. HP: 24/35 MP: 4/4
  3148 | D:3      | Reached skill level 1 in Shields
  3193 | D:3      | Reached skill level 1 in Armour
  3244 | D:3      | Found a basalt altar of Yredelemnul.
  3274 | D:3      | Gained mutation: You are partially covered in sharp spines.
                  | [demonic ancestry]
  3274 | D:3      | Reached XP level 5. HP: 40/41 MP: 5/5
  3954 | D:4      | Found a staircase to the Ecumenical Temple.
  3994 | Temple   | Entered the Ecumenical Temple
  4011 | Temple   | Became a worshipper of Xom of Unknown Intention
  4065 | D:4      | Gained mutation: You are partially covered in rugged brown
                  | scales. (AC +1, +3% HP) [demonic ancestry]
  4065 | D:4      | Reached XP level 6. HP: 37/48 MP: 6/6
  4070 | D:4      | XOM: silly message
  4248 | D:4      | XOM: potion effect (invisibility)
  4252 | D:4      | XOM: potion effect (magic)
  4257 | D:4      | Reached skill level 5 in Axes
  4464 | D:4      | XOM: divination: detect creatures
  4654 | D:4      | XOM: give mutations
  4654 | D:4      | Gained mutation: You expend magic power (3 MP) to
                  | strengthen your wands. [Xom's grace]
  4654 | D:4      | Gained mutation: You are resistant to hostile enchantments.
                  | (MR+) [Xom's grace]
  4732 | D:4      | XOM: enchant monster (good)
  4735 | D:4      | XOM: potion effect (brilliance)
  4744 | D:4      | Gained mutation: You have a pair of antennae on your head.
                  | [demonic ancestry]
  4744 | D:4      | Reached XP level 7. HP: 20/53 MP: 5/7
  5042 | D:5      | Entered Level 5 of the Dungeon
  5157 | D:5      | XOM: scenery: create altars
  5203 | D:5      | XOM: divination: magic mapping
  5421 | D:4      | Reached skill level 6 in Axes
  5466 | D:5      | XOM: enchant monster (good)
  5684 | D:5      | Gained mutation: You have a pair of large antennae on your
                  | head. (SInv) [demonic ancestry]
  5684 | D:5      | Reached XP level 8. HP: 61/61 MP: 8/8
  6023 | D:5      | Found an iron altar of Okawaru.
  6355 | D:6      | Reached skill level 7 in Axes
  6578 | D:6      | Noticed Duvessa
  6578 | D:6      | Noticed Dowan
  6579 | D:6      | XOM: destruction
  6581 | D:6      | XOM: confuse monster(s)
  6588 | D:6      | Killed Dowan
  6595 | D:6      | Killed Duvessa
  7135 | D:6      | XOM: divination: detect items
  7240 | D:3      | XOM: give mutations
  7240 | D:3      | Gained mutation: You possess an exceptional clarity of
                  | mind. [Xom's grace]
  7240 | D:3      | Gained mutation: You can translocate small distances at
                  | will. [Xom's grace]
  7364 | D:7      | Noticed Joseph
  7391 | D:7      | XOM: summons friendly crimson imp
  7393 | D:7      | XOM: potion effect (haste)
  7453 | D:7      | XOM: summons 1 hostile demon
  7697 | D:7      | Found Woshric's Armour Boutique.
  7697 | D:7      | Noticed Harold
  7700 | D:6      | XOM: repel stairs
  7706 | D:6      | XOM: blink monster(s)
  7718 | D:6      | XOM: severe Tloc miscast
  7718 | D:6      | Cast into level 2 of the Abyss (the severe capriciousness
                  | of Xom)
  7742 | Abyss:2  | Noticed a raiju
  7749 | Abyss:2  | Noticed a thrashing horror
  7750 | Abyss:2  | Noticed a thrashing horror
  7750 | Abyss:2  | Noticed a thrashing horror
  7752 | Abyss:2  | Killed from afar by a raiju

Levels and vault maps discovered:
D:1:      dpeg_arrival_arbitrary_a, layout_loops_corners, solitary_fountain
D:2:      minmay_chambers_of_twos, layout_rooms, grunt_decor_cap
D:3:      layout_basic, overflow_temple_1_default, first_ration,
          hangedman_abyss_or_decor_lesser_grid
D:4:      layout_cave_pods, minmay_temple_entry_statues_pillars,
          minmay_three_crescents
D:5:      layout_basic, okawaru_metal_pillars_3
D:6:      layout_gridville, uniq_duvessa
D:7:      layout_loops_ring, serial_shops, shop, uniq_harold, uniq_joseph
Temple:   nicolae_temple_the_god_donut
Abyss:2

Skill      XL: |  1  2  3  4  5  6  7  8 |
---------------+-------------------------+-----
Axes           | 3 4 5 6 7 |  7.8
Stealth        | 2 3 |  3.8
Shields        | 1 2 3 |  3.3
Armour         | 1 2 3 |  3.1
Fighting       | 4 |  4.1
Throwing       | |  0.2
Dodging        | |  2.8

Action                   |  1- 3 |  4- 6 |  7- 9 || total
-------------------------+-------+-------+-------++-------
Melee: Hand axe          |   149 |   278 |    56 ||   483
       War axe           |       |       |   160 ||   160
Throw: Javelin           |     3 |     6 |       ||     9
 Abil: Blink             |       |       |     1 ||     1
  Use: Potion            |       |     2 |     1 ||     3
       Scroll            |       |       |     6 ||     6
 Stab: Sleeping          |     4 |     1 |       ||     5
       Invisible         |       |    14 |       ||    14
       Petrified         |       |     8 |       ||     8
       Petrifying        |       |     1 |       ||     1
       Paralysed         |       |       |     5 ||     5
       Confused          |       |       |     3 ||     3
  Eat: Chunk             |     4 |     9 |     8 ||    21
       Ration            |       |       |     1 ||     1
Armor: Robe              |     5 |       |       ||     5
       Ring mail         |    33 |     5 |       ||    38
       Scale mail        |       |    41 |       ||    41
       Chain mail        |       |    47 |    70 ||   117
Dodge: Dodged            |    40 |    37 |     9 ||    86
Block: Large shield      |    75 |   184 |   184 ||   443

Table legend:
 A = Non-vault XP
 B = Vault XP
 C = Vault XP percentage of total XP
 D = Non-vault monster count
 E = Vault monster count
 F = Vault count percentage of total count
                 A         B        C        D         E       F
            +---------+---------+-------+---------+---------+-------
      Total |    1705 |     470 |  21.6 |     130 |      16 |  11.0
            +---------+---------+-------+---------+---------+-------
        D:1 |      40 |       0 |   0.0 |      21 |       0 |   0.0
        D:2 |      45 |      59 |  56.7 |      16 |       8 |  33.3
        D:3 |     122 |       0 |   0.0 |      31 |       0 |   0.0
        D:4 |     436 |     238 |  35.3 |      19 |       6 |  24.0
        D:5 |     594 |       0 |   0.0 |      24 |       0 |   0.0
        D:6 |     313 |     173 |  35.6 |      17 |       2 |  10.5
        D:7 |     155 |       0 |   0.0 |       2 |       0 |   0.0
            +---------+---------+-------+---------+---------+-------
